 Dungeon Sprint DCSS version 0.17-a0-1719-g1afd5a1 (webtiles) character file.

296 Kidiri the Covert (level 6, -4/28 HPs)
             Began as a Spriggan Enchanter on Aug 28, 2015.
             Was an Initiate of Dithmenos.
             Slain by a spatial vortex (7 damage)
             ... in the Dungeon (Sprint III: "The Ten Rune Challenge").
             The game lasted 00:02:40 (544 turns).

Kidiri the Covert (Spriggan Enchanter)               Turns: 544, Time: 00:02:41

Health: -4/28      AC:  0    Str:  4    XL:     6   Next: 12%
Magic:  3/17       EV: 25    Int: 17    God:    Dithmenos [......]
Gold:   21         SH:  0    Dex: 18    Spells: 5 memorised, 7 levels left

rFire  . . .     SeeInvis +     a - +1 dagger
rCold  . . .     Clarity  .     m - -2 robe
rNeg   . . .     SustAt   .     (shield restricted)
rPois  .         Gourm    .     (helmet restricted)
rElec  .         Spirit   .     (no cloak)
rCorr  .         Warding  .     (gloves unavailable)
rMut   .         NoTele   +     (boots unavailable)
MR     +....                    (no amulet)
Stlth  +++++.....               (no ring)
                                (no ring)

@: very quick, somewhat resistant to hostile enchantments, quite stealthy
A: unfitting armour, hooves 1, see invisible, herbivore 3, speed 3, mutation
resistance 1, slow metabolism 2
a: Renounce Religion


You were in the Dungeon.
You worshipped Dithmenos.
Dithmenos was noncommittal.
You were not hungry.

You visited 1 branch You collected 21 gold pieces.

Inventory:

Hand weapons
 a - a +1 dagger (weapon)
Armour
 b - a +1 robe
 m - a -2 robe (worn)
Magical devices
 l - a wand of hasting (1)
Scrolls
 j - a scroll of blinking
 o - a scroll of holy word
 q - 3 scrolls of remove curse
Potions
 e - a potion of curing
 f - a potion of heal wounds
 g - a potion of haste
 h - a potion of magic
 i - a potion of berserk rage
 r - a potion of flight
 v - a potion of beneficial mutation {unknown}
Books
 c - a book of Maledictions

   Spells                             Type                      Level
   a - Corona                         Hexes                        1
   b - Ensorcelled Hibernation        Hexes/Ice                    2
   c - Confuse                        Hexes                        3
   d - Tukima's Dance                 Hexes                        3
   e - Dazzling Spray                 Conjuration/Hexes            3
Comestibles
 d - 2 bread rations
 k - a royal jelly
 t - 5 fruits


   Skills:
 + Level 4.6 Short Blades
 * Level 8.9 Dodging
 * Level 10.2 Stealth
 * Level 7.4 Spellcasting
 + Level 2.2 Conjurations
 + Level 6.1 Hexes
 + Level 2.7 Ice Magic
 + Level 0.0 Invocations


You had 7 spell levels left.
You knew the following spells:

 Your Spells              Type           Power        Failure   Level  Hunger
a - Corona                Hex            ####...      1%          1    None
b - Ensorcelled Hibernat  Hex/Ice        ###...       2%          2    None
c - Confuse               Hex            ####....     2%          3    ##.....
d - Tukima's Dance        Hex            ####....     2%          3    ##.....
e - Dazzling Spray        Conj/Hex       ###.....     8%          3    ##.....


Dungeon Overview and Level Annotations

Branches:
Dungeon (1/1)

Altars:
Dithmenos
Gozag
Makhleb
Nemelex Xobeh
Qazlal
Ru
Xom
Jiyva
Lugonu


Innate Abilities, Weirdness & Mutations

You are tiny and cannot use many weapons and most armour.
You have supernaturally acute eyesight.
You are a herbivore.
You cover ground extremely quickly.
You need consume almost no food.
You have large cloven feet.
You are somewhat resistant to further mutation.


Message History

Confirm with . or Enter, or press ? or * to list all spells.
Aiming: Dazzling Spray
Press: ? - help, Shift-Dir - straight line, f/p - spatial vortex
Aim: a spatial vortex (heavily damaged)
The spray of energy hits the spatial vortex.
The spatial vortex is heavily damaged.
Casting: Dazzling Spray
Confirm with . or Enter, or press ? or * to list all spells.
You don't have enough magic to cast that spell.
Unknown command.
Unknown command.
There is a viscous altar of Jiyva here.
There is a sacrificial altar of Ru here.
You hit the spatial vortex.
The spatial vortex is heavily damaged.
The spatial vortex hits you!!
Ouch! That really hurt!
* * * LOW HITPOINT WARNING * * *
Space bends around you.
You die...

...♣.♣ ♣..#
...≈♣♣♣♣..###+#+###+##
..≈≈.♣.♣♣.#..........#
.≈≈≈≈.♣.♣.'.⌠........#
.≈≈≈≈≈≈♣♣.#...######'#
≈≈≈≈≈≈....#.⌠.#__#...#
≈≈≈≈≈.....#...#__#...#
≈≈≈.......#+###__#...#
..........# #_@#...+
..........# #_.v...#
▓▓▓▓▓▓▓▓▓▓▓ ▓▓▓▓▓▓▓▓


You could see a spatial vortex.

Vanquished Creatures
  A shadow (D)
  A water elemental (D)
  A jelly (D)
  Jessica (D)
  A wolf (D)
  A human (D)
  3 rats (D)
9 creatures vanquished.

Vanquished Creatures (others)
  2 draconian scorchers (D)
  A yaktaur (D)
3 creatures vanquished.

Grand Total: 12 creatures vanquished

Notes
Turn   | Place    | Note
--------------------------------------------------------------
     0 | D        | Kidiri the Spriggan Enchanter began the quest for the Orb.
     0 | D        | Reached XP level 1. HP: 9/9 MP: 5/5
    12 | D        | Noticed Jessica
    17 | D        | Killed Jessica
    17 | D        | Reached skill level 5 in Dodging
    17 | D        | Reached skill level 6 in Stealth
    17 | D        | Reached XP level 2. HP: 13/13 MP: 6/8
    21 | D        | Learned a level 2 spell: Ensorcelled Hibernation
   105 | D        | Noticed a wolf
   118 | D        | Reached XP level 3. HP: 4/16 MP: 6/10
   186 | D        | Killed a yaktaur
   193 | D        | Killed a white draconian scorcher
   210 | D        | Killed a white draconian scorcher
   364 | D        | Killed a wolf
   364 | D        | Reached skill level 7 in Stealth
   364 | D        | Reached skill level 5 in Spellcasting
   364 | D        | Reached skill level 1 in Ice Magic
   371 | D        | Learned a level 3 spell: Confuse
   375 | D        | Learned a level 3 spell: Tukima's Dance
   379 | D        | Learned a level 3 spell: Dazzling Spray
   400 | D        | Gained mutation: You are clumsy. (Dex -2) [potion of mutation]
   400 | D        | Gained mutation: You are dopey. (Int -2) [potion of mutation]
   400 | D        | Gained mutation: You are frail (-10% HP). [potion of mutation]
   403 | D        | Lost mutation: You are frail (-10% HP). [potion of cure mutation]
   403 | D        | Lost mutation: You are dopey. (Int -2) [potion of cure mutation]
   403 | D        | Lost mutation: You are clumsy. (Dex -2) [potion of cure mutation]
   404 | D        | Gained mutation: You are somewhat resistant to further mutation. [potion of mutation]
   404 | D        | Gained mutation: You have large cloven feet. [potion of mutation]
   434 | D        | Noticed a water elemental
   436 | D        | Killed a water elemental
   436 | D        | Reached skill level 8 in Stealth
   436 | D        | Reached skill level 1 in Conjurations
   436 | D        | Reached skill level 5 in Hexes
   436 | D        | Reached XP level 4. HP: 19/21 MP: 10/12
   446 | D        | Noticed a jelly
   447 | D        | Noticed a shadow
   449 | D        | Killed a jelly
   449 | D        | Reached XP level 5. HP: 21/24 MP: 5/14
   454 | D        | Killed a shadow
   454 | D        | Reached skill level 10 in Stealth
   454 | D        | Reached XP level 6. HP: 25/28 MP: 5/17
   531 | D        | Found a stormy altar of Qazlal.
   532 | D        | Found a sacrificial altar of Ru.
   532 | D        | Found a burning altar of Makhleb.
   532 | D        | Found a viscous altar of Jiyva.
   532 | D        | Found a shimmering altar of Xom.
   532 | D        | Found a shadowy altar of Dithmenos.
   532 | D        | Found a sparkling altar of Nemelex Xobeh.
   532 | D        | Found a corrupted altar of Lugonu.
   532 | D        | Found an opulent altar of Gozag.
   532 | D        | Noticed a spatial vortex
   536 | D        | Became a worshipper of Dithmenos the Shadowed
   544 | D        | Slain by a spatial vortex

Vault maps used:
D:        dungeon_sprint_mu

Action                   |  1- 3 |  4- 6 || total
-------------------------+-------+-------++-------
Melee: Dagger            |    10 |     1 ||    11
 Cast: Corona            |     2 |       ||     2
       Ensorcelled Hiber |     3 |       ||     3
       Dazzling Spray    |       |    11 ||    11
  Use: Potion            |     5 |     1 ||     6
       Scroll            |     4 |       ||     4
 Stab: Sleeping          |     5 |       ||     5
